 Dungeon Crawl Stone Soup version 0.29-a0-384-g6960b1960d (webtiles) character file.

Game seed: 12116836473093411207

186 Snarg the Bolt Thrower (level 5, 0/32 HPs)
             Began as a Kobold Hunter on May 8, 2022.
             Was a Believer of Lugonu.
             Slain by a wight
             ... wielding a +2 spear
              (6 damage)
             ... on level 5 of the Dungeon.
             The game lasted 00:09:45 (2837 turns).

Snarg the Bolt Thrower (Kobold Hunter)              Turns: 2837, Time: 00:09:46

Health: 0/32       AC:  4    Str:  8    XL:     5   Next: 97%
Magic:  2/6        EV: 14    Int: 10    God:    Lugonu [**....]
Gold:   124        SH:  0    Dex: 21    Spells: 2/4 levels left

rFire   . . .      SeeInvis .   a - +1 hand crossbow
rCold   . . .      Faith    .   (no shield)
rNeg    . . .      Spirit   .   m - +0 leather armour
rPois   .          Reflect  .   r - +0 helmet
rElec   .          Harm     .   (no cloak)
rCorr   .          Rampage  .   (no gloves)
Will    .....                   (no boots)
Stlth   +++.......              (no amulet)
HPRegen 0.10/turn               (no ring)
MPRegen 0.10/turn               (no ring)

@: no status effects
A: small, no large weapons, nightstalker 3
a: Renounce Religion, Depart the Abyss, Bend Space


You were on level 5 of the Dungeon.
You worshipped Lugonu.
Lugonu was pleased with you.
You visited 1 branch of the dungeon, and saw 4 of its levels.

You collected 124 gold pieces.

Inventory:

Hand Weapons
 a - a +1 hand crossbow (weapon)
 b - a +1 dagger of venom
 f - a +0 dagger
 g - a +1 antimagic dagger
Missiles
 k - 4 curare-tipped darts
 p - 2 throwing nets
Armour
 m - a +0 leather armour (worn)
 r - a +0 helmet (worn)
Wands
 s - a wand of digging (6)
 v - a wand of flame (14)
Scrolls
 c - a scroll of immolation
 d - 2 scrolls of teleportation
 i - a scroll of magic mapping {unknown}
 j - a scroll of acquirement {unknown}
 n - 2 scrolls of poison {unknown}
Potions
 e - a potion of lignification
 h - a potion of mutation {unknown}
 l - a potion of berserk rage {unknown}
 o - 2 potions of cancellation
 q - a potion of attraction
 t - 2 potions of ambrosia
 u - a potion of heal wounds
 w - 2 potions of curing
 x - a potion of might {unknown}


   Skills:
 - Level 3.0 Fighting
 + Level 0.1 Short Blades
 + Level 7.7 Crossbows
 + Level 0.5 Armour
 + Level 2.4 Dodging
 * Level 2.4 Stealth
 * Level 1.5 Invocations


You had 2 spell levels left.
You knew the following spells:

 Your Spells              Type           Power      Damage    Failure   Level
a - Wereblood             Tmut           0%         N/A       63%         2

Your spell library contained the following spells:

 Spells                   Type           Power      Damage    Failure   Level
 Sublimation of Blood     Necr           0%         N/A       63%         2
 Gell's Gravitas          Tloc           0%         N/A       85%         3
 Lesser Beckoning         Tloc           0%         N/A       85%         3
 Ozocubu's Armour         Ice            0%         N/A       85%         3
 Teleport Other           Tloc           0%         N/A       85%         3
 Metabolic Englaciation   Hex/Ice        0%         N/A       100%        5
 Simulacrum               Ice/Necr       0%         N/A       100%        6
 Summon Hydra             Summ           0%         N/A       100%        7


Dungeon Overview and Level Annotations

Branches:
Dungeon (3/15)

Altars:
Hepliaklqana
Nemelex Xobeh
Lugonu

Annotations:
D:1 clr
D:2 clr


Innate Abilities, Weirdness & Mutations

You are small and have problems with some larger weapons.
You are completely attuned to the shadows.


Message History

The bolt closely misses the ball python.
You shoot a bolt. The bolt hits the ball python!
You kill the ball python!
Lugonu accepts your kill.
A kobold comes into view. It is wielding a +0 club.
You shoot a bolt. The bolt hits the kobold.
You kill the kobold!
Lugonu accepts your kill.
No target in view!
You see here a +0 club.
Found a stone staircase leading down.
There is a stone staircase leading down here.
A sourceless malevolence fills the Dungeon...
You fall into a shaft and drop 2 floors!
The shaft crumbles and collapses.
An iguana and 3 wights come into view.
Unknown command.
Unknown command.
Space bends violently around you!
You blink.
The iguana blinks!
The wight blinks!
The wight closely misses you.
Unknown command.
Unknown command.
Unknown command.
Unknown command.
The wight hits you from afar with a +2 spear.
The wight hits you with a +4 trident.
Unknown command.
Unknown command.
Space bends violently around you!
You blink.
A wight comes into view. It is wielding a +0 long sword.
The wight hits you with a +4 trident!
Unknown command.
Unknown command.
Space bends violently around you!
You blink.
The wight blinks!
The wight hits you but does no damage. The wight barely misses you.
Unknown command.
Unknown command.
Space bends violently around you!
You blink.
The wight blinks!
The wight hits you from afar with a +2 spear.
You die...

########
+.zl.z§#
######§#
#...z@#
#.#####


You could see 2 wights.

Vanquished Creatures
  Natasha (thrice) (D:2)
  4 adders
  2 worms (D:2)
  3 dart slugs
  An orc (D:3)
  4 ball pythons
  3 endoplasms
  2 giant cockroaches (D:1)
  4 goblins
  4 hobgoblins
  2 jackals (D:2)
  10 kobolds
  7 quokkas
  6 bats
  4 frilled lizards
  5 rats
64 creatures vanquished.

Notes
Turn   | Place    | Note
-------+----------+-------------------------------------------
     0 | D:1      | Snarg the Kobold Hunter began the quest for the Orb.
     0 | D:1      | Reached XP level 1. HP: 12/12 MP: 1/1
   126 | D:1      | Reached XP level 2. HP: 15/17 MP: 2/2
   154 | D:1      | Reached skill level 6 in Crossbows
   385 | D:1      | Reached XP level 3. HP: 21/21 MP: 3/3
   820 | D:1      | Found a faded altar of an unknown god.
   834 | D:1      | Prayed at the altar of an unknown god.
   834 | D:1      | Became a worshipper of Lugonu the Unformed
   834 | D:1      | Reached * piety under Lugonu
   834 | D:1      | Reached ** piety under Lugonu
  1072 | D:2      | Reached XP level 4. HP: 27/27 MP: 4/4
  1075 | D:2      | Learned a level 2 spell: Wereblood
  1330 | D:2      | Reached skill level 7 in Crossbows
  1330 | D:2      | Noticed Natasha
  1335 | D:2      | Killed Natasha
  1412 | D:2      | Reached XP level 5. HP: 31/31 MP: 5/5
  1885 | D:2      | Noticed Natasha
  1895 | D:2      | Killed Natasha
  1896 | D:2      | Reached skill level 1 in Invocations
  2103 | D:2      | Noticed Natasha
  2113 | D:2      | Killed Natasha
  2538 | D:3      | Found a hazy altar of Hepliaklqana.
  2676 | D:3      | Found a sparkling altar of Nemelex Xobeh.
  2832 | D:3      | You fall into a shaft and drop 2 floors!
  2832 | D:5      | Entered Level 5 of the Dungeon
  2837 | D:5      | Slain by a wight

Illustrated notes

Levels and vault maps discovered:
D:1:      lightli_arrival_flooded_house, layout_rooms,
          ebering_ecumenical_altar_sacrificial,
          hangedman_abyss_or_decor_lesser_grid
D:2:      layout_basic, uniq_natasha
D:3:      minmay_bubble_buster, layout_loops_ring, old_standard_altar,
          nicolae_hepliaklqana_hippocampus, minmay_strange_pillars,
          kennysheep_generic_room_7
D:5:      layout_basic, kennysheep_little_box, gammafunk_ghost_abyssal_escape

Skill      XL: |  1  2  3  4  5 |
---------------+----------------+-----
Crossbows      | 6 7 |  7.7
Invocations    | 1 |  1.5
Fighting       | 3 |  3.0
Stealth        | 2 |  2.4
Short Blades   | |  0.1
Armour         | |  0.5
Dodging        | |  2.4

Action                   |  1- 3 |  4- 6 || total
-------------------------+-------+-------++-------
Melee: Dagger            |       |    11 ||    11
 Fire: Hand crossbow     |    84 |    66 ||   150
Invok: Bend Space        |       |     4 ||     4
  Use: Scroll            |       |     6 ||     6
Armor: Leather armour    |     6 |     4 ||    10
Dodge: Dodged            |    25 |    20 ||    45

Table legend: (Time is in decaauts)
 A = Elapsed time spent in this place.
 B = Non-inter-level travel time spent in this place.
 C = Inter-level travel time spent in this place.
 D = Time resting spent in this place.
 E = Time spent auto-exploring this place.
 F = Levels seen in this place.
 G = Mean time per level.
                   A        B        C        D        E       F      G
               +--------+--------+--------+--------+--------+-----+--------+
         Total |   2877 |   2720 |    157 |    172 |   2108 |   4 |  719.2 |
       Dungeon |   2877 |   2720 |    157 |    172 |   2108 |   4 |  719.2 |
               +--------+--------+--------+--------+--------+-----+--------+

Top non-repeatable levels by time:
     D:2: 1562 daAuts
     D:1: 957 daAuts
     D:3: 352 daAuts
     D:5: 4 daAuts
